 Dungeon Crawl Stone Soup version 0.30-a0-578-gdee14c521f (webtiles) character file.

Game seed: 8675071911690229167

177 wormed the Sneak (level 5, -7/34 HPs)
             Began as a Kobold Delver on Jan 1, 2023.
             Mangled by a gnoll
             ... wielding a +0 flail
              (9 damage)
             ... on level 4 of the Dungeon.
             The game lasted 00:03:05 (2563 turns).

wormed the Sneak (Kobold Delver)                    Turns: 2563, Time: 00:03:05

Health: -7/34      AC:  3    Str: 10    XL:     5   Next: 88%
Magic:  5/5        EV: 15    Int: 11    God:
Gold:   196        SH:  0    Dex: 18    Spells: 4/4 levels left

rFire   . . .      SeeInvis .    a - +0 short sword
rCold   . . .      Faith    .    (no shield)
rNeg    . . .      Spirit   .    b - +0 leather armour
rPois   .          Reflect  .    (no helmet)
rElec   .          Harm     .    (no cloak)
rCorr   .          Rampage  .    (no gloves)
Will    .....                    (no boots)
Stlth   +++++                    (no amulet)
HPRegen 0.25/turn                (no ring)
MPRegen 0.09/turn                (no ring)

@: no status effects
A: small, no large weapons, nightstalker 3
a: no special abilities


You were on level 4 of the Dungeon.
You visited 2 branches of the dungeon, and saw 5 of its levels.

You collected 196 gold pieces.

Inventory:

Hand Weapons
 a - a +0 short sword (weapon)
Missiles
 u - 2 poisoned darts (quivered)
Armour
 b - a +0 leather armour (worn)
Jewellery
 l - a ring of magical power
Wands
 g - a wand of digging (3)
 s - a wand of paralysis (10)
Scrolls
 c - a scroll of fog
 e - a scroll of fear
 h - 4 scrolls of identify {unknown}
 m - a scroll of magic mapping
 n - a scroll of amnesia {unknown}
 o - a scroll of poison {unknown}
 p - a scroll of teleportation {unknown}
 q - 3 scrolls of enchant weapon {unknown}
 v - a scroll of vulnerability {unknown}
Potions
 d - a potion of ambrosia {unknown}
 f - a potion of haste
 i - 2 potions of heal wounds {unknown}
 j - 3 potions of curing {unknown}
 k - 3 potions of attraction {unknown}
 r - a potion of might {unknown}
 t - a potion of brilliance {unknown}
 w - a potion of berserk rage {unknown}


   Skills:
 + Level 4.3 Fighting
 + Level 4.3 Short Blades
 + Level 3.9 Dodging
 + Level 7.6 Stealth


You had 4 spell levels left.
You didn't know any spells.
Your spell library was empty.

Dungeon Overview and Level Annotations

Branches:
Dungeon (5/15)             Temple (1/1) D:4

Altars:
Ashenzari
Dithmenos
Elyvilon
Fedhas
Gozag
Kikubaaqudgha
Makhleb
Okawaru
Ru
Sif Muna
Trog
Vehumet
Wu Jian
Xom
Zin
The Shining One


Innate Abilities, Weirdness & Mutations

You are small and have problems with some larger weapons.
You are completely attuned to the shadows.


Message History

The gnoll is lightly wounded.
The gnoll barely misses you.
You hit the gnoll but do no damage.
The gnoll is lightly wounded.
The gnoll shouts!
A gnoll comes into view. It is wielding a +0 spear.
The gnoll barely misses you.
You hit the gnoll.
The gnoll is heavily wounded.
You closely miss the gnoll.
The gnoll is heavily wounded.
You hit the gnoll.
The gnoll is heavily wounded.
The gnoll hits you from afar with a +0 spear.
The gnoll hits you with a +0 flail.
There are monsters nearby!
There are monsters nearby!
The gnoll attacks as you move away! The gnoll completely misses you.
The gnoll closely misses you. The gnoll attacks as you move away!
The gnoll hits you with a +0 flail. The gnoll attacks as you move away!
The gnoll misses you.
The gnoll throws a throwing net.
The throwing net closely misses you.
You see here a throwing net.
The gnoll attacks as you move away! The gnoll barely misses you.
The gnoll attacks as you move away! The gnoll misses you.
You closely miss the gnoll.
The gnoll is heavily wounded.
You hit the gnoll.
The gnoll is almost dead.
You hit the gnoll but do no damage.
The gnoll is almost dead.
The gnoll closely misses you.
You barely miss the gnoll.
The gnoll is almost dead.
The gnoll completely misses you. The gnoll hits you with a +0 flail!
The gnoll attacks as you move away! The gnoll barely misses you.
The gnoll attacks as you move away! The gnoll hits you with a +0 flail!
* * * LOW HITPOINT WARNING * * *
The gnoll attacks as you move away! The gnoll hits you with a +0 flail!
You die...

†#.⌠.⌠.#..............)..).......
.'..>..+.............##......###.
.#.⌠.⌠.# ................###.
.#.....# ...............##...
.###'########........)......##...
.....................#########...
................#.....(####......
.......................#.........
....##..........@................
...........#...g.).....#.........
...........#...........##..#####.
.............g###...........####.
.............g...................
.....#####.......... ........>##.
.....# #........ ......######
.....# #........ .............
.....#####........ ..............


You could see 3 gnolls.

Vanquished Creatures
  2 jellies
  An orc priest (D:4)
  4 adders
  2 ufetubi
  A worm (D:4)
  2 dart slugs
  3 orcs
  7 ball pythons
  A giant cockroach (D:3)
  2 goblins
  3 hobgoblins
  5 kobolds
  3 bats (D:3)
  A frilled lizard (D:2)
  2 rats (D:3)
39 creatures vanquished.

Notes
Turn   | Place    | Note
-------+----------+-------------------------------------------
     0 | D:5      | wormed the Kobold Delver began the quest for the Orb.
     0 | D:5      | Reached XP level 1. HP: 14/14 MP: 1/1
     2 | D:5      | Found an iron altar of Okawaru.
    13 | D:5      | Noticed a jelly
    17 | D:5      | Killed a jelly
    18 | D:5      | Reached XP level 2. HP: 20/20 MP: 2/2
    18 | D:5      | Reached XP level 3. HP: 24/24 MP: 3/3
    26 | D:5      | Reached skill level 7 in Stealth
   137 | D:4      | Reached XP level 4. HP: 29/29 MP: 4/4
   238 | D:4      | Found a staircase to the Ecumenical Temple.
   238 | D:4      | Noticed an ogre
   244 | Temple   | Entered the Ecumenical Temple
   316 | D:4      | Noticed a water moccasin
  1548 | D:3      | Found a shadowy altar of Dithmenos.
  1659 | D:3      | Reached XP level 5. HP: 33/33 MP: 5/5
  1865 | D:3      | Found an opulent altar of Gozag.
  2406 | D:4      | Found a burning altar of Makhleb.
  2410 | D:4      | Found a bloodstained altar of Trog.
  2483 | D:4      | Found a sacrificial altar of Ru.
  2563 | D:4      | Mangled by a gnoll

Illustrated notes

Levels and vault maps discovered:
D:2:      layout_basic, minivault_27, minivault_25
D:3:      layout_basic, nicolae_dithmenos_through_a_glass_darkly,
          nicolae_gozag_seed_capital, grunt_decor_fettered,
          palyth_stone_intersect
D:4:      layout_basic, mainiacjoe_overflow_large_starburst,
          nicolae_overflow_hidden_temple, minmay_temple_entry_hall
D:5:      cheibrodos_fzero, layout_cave_pools, okawaru_gym_becter,
          portal_sewer_entry_e
Temple:   eino_wide_crystal_templ

Skill      XL: |  1  2  3  4  5 |
---------------+----------------+-----
Short Blades   | 3 4 |  4.3
Dodging        | 3 |  3.9
Stealth        | 7 |  7.6
Fighting       | 4 |  4.3

Action                   |  1- 3 |  4- 6 || total
-------------------------+-------+-------++-------
Melee: Short sword       |    12 |    91 ||   103
       Punch             |       |     1 ||     1
Evoke: Wand              |       |     1 ||     1
  Use: Scroll            |     1 |       ||     1
 Stab: Sleeping          |     4 |    19 ||    23
       Paralysed         |       |     1 ||     1
Armor: Leather armour    |     1 |    10 ||    11
Dodge: Dodged            |    11 |    64 ||    75

Table legend: (Time is in decaauts)
 A = Elapsed time spent in this place.
 B = Non-inter-level travel time spent in this place.
 C = Inter-level travel time spent in this place.
 D = Time resting spent in this place.
 E = Time spent auto-exploring this place.
 F = Levels seen in this place.
 G = Mean time per level.
                   A        B        C        D        E       F      G
               +--------+--------+--------+--------+--------+-----+--------+
         Total |   2546 |   2462 |     84 |    110 |   1920 |   5 |  509.2 |
       Dungeon |   2485 |   2413 |     72 |    110 |   1882 |   4 |  621.2 |
        Temple |     60 |     48 |     12 |      0 |     38 |   1 |   60.0 |
               +--------+--------+--------+--------+--------+-----+--------+

Top non-repeatable levels by time:
     D:3: 979 daAuts
     D:2: 862 daAuts
     D:4: 600 daAuts
  Temple: 60 daAuts
     D:5: 42 daAuts
